 Dungeon Crawl Stone Soup version 0.23.2-1-ga50397a (webtiles) character file.

Game seed: 3356127528192786359

74065 cab the Earth Mage (level 15, 0/101 HPs)
             Began as a Gargoyle Earth Elementalist on May 29, 2019.
             Was an Elder of Vehumet.
             Slain by a shambling mangrove (4 damage)
             ... on level 1 of the Swamp.
             The game lasted 03:22:03 (44843 turns).

cab the Earth Mage (Gargoyle Earth Elementalist)   Turns: 44843, Time: 03:22:04

Health: 0/101      AC: 20    Str: 13    XL:     15   Next: 45%
Magic:  4/25       EV: 23    Int: 21    God:    Vehumet [****..]
Gold:   1866       SH:  0    Dex: 10    Spells: 5/27 levels left

rFire    + . .     SeeInvis .   e - +3 mace (protect)
rCold    . . .     Gourm    +   J - +0 buckler
rNeg     + . .     Faith    .   K - +2 leather armour {rF+}
rPois    ∞         Spirit   .   g - +0 hat
rElec    +         Reflect  .   t - +0 cloak
rCorr    .         Harm     .   s - +0 pair of gloves
MR       +....                  V - +0 pair of boots
Stlth    +.........             H - amulet of the gourmand
HPRegen  0.26/turn              u - +6 ring of evasion
MPRegen  0.19/turn              E - +6 ring of evasion

@: confused, grasped by roots, flying, constricted
A: big wings, negative energy resistance 1, electricity resistance, unbreathing,
petrification resistance, rot immunity, AC +11
a: Stop Flying, Renounce Religion


You were on level 1 of the Swamp.
You worshipped Vehumet.
Vehumet was greatly pleased with you.
You were very full.

You visited 7 branches of the dungeon, and saw 24 of its levels.

You collected 1866 gold pieces.

Inventory:

Hand Weapons
 c - a +0 morningstar
 e - a +3 mace of protection (weapon)
 n - the +2 mace "Helyon" {crush, rElec}
   (You found it on level 4 of the Dungeon)

   It inflicts extra damage upon your enemies.
   It insulates you from electricity.
 o - a +0 hunting sling of flaming
Missiles
 b - 104 stones (quivered)
 r - 216 sling bullets
Armour
 g - a +0 hat (worn)
 s - a +0 pair of gloves (worn)
 t - a +0 cloak (worn)
 J - a +0 buckler (worn)
 K - a +2 leather armour of fire resistance (worn)
 V - a +0 pair of boots (worn)
Jewellery
 l - a +3 ring of evasion
 u - a +6 ring of evasion (left hand)
 v - an uncursed ring of fire
 E - a +6 ring of evasion (right hand)
 H - an amulet of the gourmand (around neck)
 M - an uncursed ring of ice
Wands
 f - a wand of acid (7)
Scrolls
 a - 5 scrolls of teleportation
 h - 2 scrolls of remove curse
 k - 2 scrolls of identify
 N - 4 scrolls of magic mapping
Potions
 j - 2 potions of agility
 m - a potion of berserk rage
 q - 2 potions of brilliance
 B - 7 potions of curing
Miscellaneous
 i - a fan of gales
Comestibles
 d - 38 rations


   Skills:
 + Level 14.7 Fighting
 - Level 3.0 Maces & Flails
 - Level 4.4 Armour
 - Level 6.0 Dodging
 - Level 2.1 Stealth
 - Level 4.0 Shields
 - Level 6.7 Spellcasting
 + Level 8.6 Conjurations
   Level 0.7 Transmutations
 - Level 10.0 Fire Magic
 + Level 17.8 Earth Magic


You had 5 spell levels left.
You knew the following spells:

 Your Spells              Type           Power        Failure   Level  Hunger
a - Sandblast             Erth           ######       0%          1    None
b - Stone Arrow           Conj/Erth      ######       1%          3    #......
c - Lee's Rapid Deconstr  Erth           ######....   1%          5    #####..
d - Conjure Flame         Conj/Fire      #####...     1%          3    #......
e - Fireball              Conj/Fire      #####.....   1%          5    #####..
f - Bolt of Magma         Conj/Fire/Erth ######....   1%          5    #####..

Your spell library contained the following spells:

 Spells                   Type           Power        Failure   Level  Hunger
 Flame Tongue             Conj/Fire      #####        1%          1    None
 Magic Dart               Conj           ####         1%          1    None
 Passwall                 Tmut/Erth      #####...     1%          2    None
 Searing Ray              Conj           #####.       1%          2    None
 Throw Flame              Conj/Fire      #####.       1%          2    None
 Dazzling Spray           Conj/Hex       ####..       1%          3    #......
 Inner Flame              Hex/Fire       ####....     1%          3    #......
 Iskenderun's Mystic Bla  Conj           #####...     1%          4    ###....
 Sticky Flame             Conj/Fire      #####...     1%          4    ###....
 Petrify                  Tmut/Erth      #####...     2%          4    ###....
 Force Lance              Conj/Tloc      ####....     5%          4    ###....
 Fulminant Prism          Conj/Hex       ####......   5%          4    ###....
 Borgnjor's Vile Clutch   Necr/Erth      #####.....   8%          5    #####..
 Blink                    Tloc           N/A          17%         2    None
 Shroud of Golubria       Chrm/Tloc      #.........   17%         2    None
 Gell's Gravitas          Tloc           #.........   32%         3    #......
 Lesser Beckoning         Tloc           #.........   32%         3    #......
 Recall                   Summ/Tloc      N/A          32%         3    #......
 Teleport Other           Tloc           #.......     32%         3    #......
 Animate Dead             Necr           N/A          73%         4    ###....
 Passage of Golubria      Tloc           N/A          73%         4    ###....
 Death Channel            Necr           #.........   100%        6    ######.
 Simulacrum               Ice/Necr       #.........   100%        6    ######.


Dungeon Overview and Level Annotations

Branches:
Dungeon (11/15)            Temple (1/1) D:7            Lair (6/6) D:11
  Swamp (2/4) Lair:3        Snake (1/4) Lair:3        Slime (0/5) Lair:6
    Orc (2/2) D:11            Elf (1/3) Orc:2

Altars:
Ashenzari
Cheibriados
Dithmenos
Elyvilon
Fedhas
Gozag
Hepliaklqana
Kikubaaqudgha
Makhleb
Nemelex Xobeh
Okawaru
Qazlal
Ru
Sif Muna
Trog
Uskayaw
Vehumet
Wu Jian
Xom
Yredelemnul
Zin
The Shining One
Beogh
Jiyva

Shops:
D:10 *   Orc:2 ****   Elf:1 ?

Annotations:
D:9 3 runed translucent doors, Jaiteiro's ghost, novice DDFi
Lair:2 exclusion: 4 oklob plants
Lair:6 exclusion: oklob plant
Swamp:1 exclusion: Roxanne, Roxanne
Elf:1 2 transporters, Timpihef's ghost, adept OpAK


Innate Abilities, Weirdness & Mutations

You are resistant to torment.
Your stone body is resilient. (AC +11)
You are immune to poison.
Your large and strong wings let you fly indefinitely.
You resist negative energy. (rN+)
You are resistant to electric shocks. (rElec)
You can survive without breathing.
You are immune to petrification.
You are immune to rotting.


Message History

* * * LOW HITPOINT WARNING * * *
The grasping roots constrict you.
You escape the roots' grasp.
You see here a quarterstaff.
Roots burst forth from the earth!
The grasping roots grab you!
* * * LOW HITPOINT WARNING * * *
The grasping roots constrict you.
Casting: Stone Arrow (safe; 1% risk of failure)
Confirm with . or Enter, or press ? or * to list all spells.
Aiming: Stone Arrow (safe; 1% risk of failure)
Press: ? - help, Shift-Dir - straight line, f - shambling mangrove
Aim: a shambling mangrove (severely damaged)
The stone arrow hits the shambling mangrove!
The shambling mangrove is almost destroyed.
* * * LOW HITPOINT WARNING * * *
The grasping roots constrict you!
You are confused.
You feel invigorated.
You die...

......≈....♣ ♣♣♣♣♣♣♣≈♣♣≈≈≈♣♣≈....
≈).≈≈§≈≈≈♣♣♣ ♣♣§..[♣≈.^....
..≈≈≈.≈≈.♣ ♣≈≈≈....≈≈.≈≈
§..≈≈.≈♣♣♣ ♣♣≈≈≈≈.≈.≈≈≈≈ ...[≈.♣♣
♣♣♣♣♣≈...≈≈...≈ ≈≈≈≈.≈♣♣♣♣♣♣♣
♣♣♣≈♣♣♣♣♣.......♣ ≈≈≈≈≈♣♣♣≈≈..♣♣
♣♣≈≈§...♣.(.≈≈....
≈≈≈≈♣♣♣♣.†≈..♣♣♣≈.≈≈≈≈.≈♣≈.≈≈≈.≈≈
≈..≈♣♣....>.≈.f.@..≈≈≈.≈♣♣.....≈≈
≈.≈♣♣♣..≈≈...≈.≈≈≈.≈≈≈.≈♣♣♣♣.≈≈≈≈
≈≈♣♣ ♣≈..≈....).≈≈≈≈≈≈.♣♣ ♣.≈≈≈≈
..♣♣♣♣♣.....≈≈...≈≈≈..≈♣ ♣♣.≈≈≈≈
...≈♣≈.♣♣♣...≈♣.≈≈≈≈.♣♣♣ ♣≈.≈≈≈≈
≈≈≈.≈.≈♣ ♣....≈≈≈≈≈≈♣♣ ♣♣...≈≈
.≈≈...♣♣ ♣≈...≈≈≈≈≈.♣ ♣...≈≈
≈.....♣♣ ♣≈...≈≈≈..♣♣ ♣≈.≈.≈
♣♣♣.!≈≈♣♣♣♣.≈.....≈♣ ♣≈≈...


You could see a shambling mangrove.

Vanquished Creatures
  A nagaraja (Lair:3)
  A stone giant (Orc:2)
  Erolcha (Orc:1)
  A deep elf death mage (Orc:2)
  6 hydras
  An anaconda (Lair:3)
  A catoblepas (Lair:5)
  A naga warrior (Lair:3)
  2 alligators (Swamp:1)
  6 dancing weapons (Elf:1)
  2 two-headed ogres
  2 orc high priests
  2 deep elf knights
  3 swamp dragons
  4 orc knights
  2 deep elf archers (Elf:1)
  3 orc sorcerers
  7 deep elf magi (Elf:1)
  A wolf spider (Lair:6)
  An ugly thing (D:10)
  2 cyclopes (D:11)
  A manticore (D:11)
  A gargoyle (D:11)
  A guardian serpent (Lair:6)
  2 naga magi (Snake:1)
  6 elephants
  7 black mambas
  13 spiny frogs
  3 rime drakes
  8 komodo dragons
  2 ice devils (Lair:4)
  4 trolls
  6 hornets
  Grinder (D:4)
  3 tyrant leeches
  3 bog bodies
  3 hippogriffs
  24 blink frogs
  5 slime creatures
  A meliai zombie (D:10)
  An air elemental (Elf:1)
  A spriggan (Lair:2)
  2 shadows (Swamp:1)
  A vampire (D:10)
  3 redbacks (Lair:6)
  9 wyverns
  19 yaks
  2 vampire mosquitoes (Swamp:1)
  2 steam dragons
  4 wargs
  A soldier ant (D:11)
  5 insubstantial wisps
  An acid dragon (Lair:6)
  6 swamp worms
  3 nagas (Lair:3)
  18 water moccasins
  5 swamp drakes
  38 orc warriors
  5 porcupines
  3 sky beasts
  3 phantoms
  A necrophage (D:6)
  5 ice beasts
  6 wolves
  9 ogres
  20 centaurs
  12 crocodiles
  2 big kobolds
  13 bullfrogs
  A wyvern zombie (D:5)
  3 scorpions
  An electric eel (Lair:4)
  3 bullfrog zombies
  6 crimson imps
  2 quasits (D:10)
  17 orc priests
  10 hounds
  6 jellies
  Crazy Yiuf (D:4)
  3 centaur skeletons
  2 bullfrog skeletons (D:8)
  An iron imp (D:7)
  5 iguanas
  21 orc wizards
  9 worker ants
  2 hound zombies
  3 hound skeletons
  A howler monkey zombie (D:10)
  3 worker ant zombies
  3 gnolls (D:7)
  20 adders
  4 shadow imps
  7 oozes
  An adder skeleton (D:7)
  A worm (D:5)
  4 dart slugs
  2 leopard geckos
  85 orcs
  23 giant cockroaches
  10 goblins
  7 hobgoblins
  4 jackals (D:2)
  15 kobolds
  4 quokkas
  9 bats
  2 frilled lizards
  A jackal skeleton (D:5)
  A leopard gecko skeleton (D:5)
  A quokka skeleton (D:7)
  6 rats
  A fungus (Lair:4)
  A plant (Lair:6)
656 creatures vanquished.

Vanquished Creatures (others)
  A deep elf knight (Elf:1)
  An orc warrior (Orc:2)
  A howler monkey zombie (D:8)
  8 fungi
  12 plants
23 creatures vanquished.

Grand Total: 679 creatures vanquished

Notes
Turn   | Place    | Note
-------+----------+-------------------------------------------
     0 | D:1      | cab the Gargoyle Earth Elementalist began the quest for the
                  | Orb.
     0 | D:1      | Reached XP level 1. HP: 10/10 MP: 3/3
   120 | D:1      | Reached skill level 4 in Earth Magic
   128 | D:1      | Reached XP level 2. HP: 8/15 MP: 3/5
   716 | D:1      | Reached XP level 3. HP: 6/19 MP: 4/6
   787 | D:1      | Reached skill level 5 in Earth Magic
   796 | D:1      | Learned a level 3 spell: Stone Arrow
  2028 | D:2      | Reached skill level 1 in Conjurations
  2334 | D:2      | Reached XP level 4. HP: 22/24 MP: 7/7
  3426 | D:2      | Found a shattered altar of Ashenzari.
  3437 | D:2      | Found a sparkling altar of Nemelex Xobeh.
  3557 | D:2      | Reached XP level 5. HP: 23/28 MP: 8/8
  3794 | D:3      | Reached skill level 6 in Earth Magic
  3839 | D:3      | Noticed a centaur
  3846 | D:3      | Killed a centaur
  4234 | D:3      | Reached XP level 6. HP: 24/32 MP: 9/9
  5471 | D:4      | Found a glowing silver altar of Zin.
  5471 | D:4      | Noticed Grinder
  5478 | D:4      | Killed Grinder
  5478 | D:4      | Reached skill level 7 in Earth Magic
  5478 | D:4      | Reached XP level 7. HP: 36/36 MP: 4/10
  5482 | D:4      | Reached skill level 5 in Conjurations
  5886 | D:4      | Reached skill level 8 in Earth Magic
  6455 | D:4      | Got a steaming mace
  6486 | D:4      | Identified the cursed +2 mace "Helyon" {crush, rElec} (You
                  | found it on level 4 of the Dungeon)
  6501 | D:4      | Found a runed translucent door.
  6502 | D:4      | Noticed Crazy Yiuf
  7035 | D:4      | Killed Crazy Yiuf
  7182 | D:5      | Entered Level 5 of the Dungeon
  7187 | D:5      | Reached skill level 1 in Fighting
  7292 | D:5      | Learned a level 5 spell: Lee's Rapid Deconstruction
  7560 | D:5      | Reached XP level 8. HP: 36/44 MP: 0/11
  8556 | D:6      | Found a sacrificial altar of Ru.
  8787 | D:6      | Reached skill level 9 in Earth Magic
  8914 | D:6      | Found a shimmering altar of Xom.
  9759 | D:7      | Found a deep blue altar of Sif Muna.
  9760 | D:7      | Found a stormy altar of Qazlal.
  9867 | D:7      | Found a staircase to the Ecumenical Temple.
  9885 | Temple   | Entered the Ecumenical Temple
 10073 | Temple   | Became a worshipper of Vehumet
 10246 | D:7      | Reached skill level 1 in Armour
 10246 | D:7      | Reached XP level 9. HP: 52/52 MP: 7/12
 10288 | D:7      | Learned a level 3 spell: Conjure Flame
 10633 | D:7      | Reached skill level 1 in Fire Magic
 10941 | D:7      | Reached skill level 5 in Fighting
 11577 | D:7      | Reached skill level 10 in Earth Magic
 11765 | D:7      | Found a snail-covered altar of Cheibriados.
 12550 | D:8      | Noticed a two-headed ogre
 12555 | D:8      | Killed a two-headed ogre
 12555 | D:8      | Reached XP level 10. HP: 36/59 MP: 5/16
 12766 | D:8      | Found a glowing golden altar of the Shining One.
 12805 | D:8      | Reached * piety under Vehumet
 12805 | D:8      | Offered knowledge of Sting by Vehumet.
 13243 | D:9      | Found a runed translucent gate.
 13243 | D:9      | Found a runed translucent gate.
 13243 | D:9      | Found a runed translucent gate.
 13511 | D:9      | Noticed Jaiteiro's ghost (novice DDFi)
 13687 | D:9      | Reached skill level 11 in Earth Magic
 14203 | D:9      | Reached skill level 5 in Spellcasting
 14783 | D:10     | Entered Level 10 of the Dungeon
 14995 | D:10     | Offered knowledge of Searing Ray by Vehumet.
 15144 | D:10     | Reached ** piety under Vehumet
 15495 | D:10     | Reached skill level 5 in Fire Magic
 16169 | D:10     | Found Ulexzonu's General Store.
 16765 | D:11     | Noticed a gargoyle
 16767 | D:11     | Noticed a cyan ugly thing
 16768 | D:11     | Killed a gargoyle
 16768 | D:11     | Reached XP level 11. HP: 65/65 MP: 8/19
 16771 | D:11     | Noticed a manticore
 16794 | D:10     | Killed a cyan ugly thing
 17747 | D:11     | Reached skill level 12 in Earth Magic
 17801 | D:11     | Noticed a cyclops
 17826 | D:11     | Killed a cyclops
 18038 | D:11     | Found a staircase to the Lair.
 18125 | D:11     | Killed a manticore
 18129 | D:11     | Offered knowledge of Ignite Poison by Vehumet.
 18238 | D:11     | Noticed a cyclops
 18244 | D:11     | Killed a cyclops
 18612 | D:11     | Found a staircase to the Orcish Mines.
 18837 | D:11     | Reached *** piety under Vehumet
 18968 | Lair:1   | Entered Level 1 of the Lair of Beasts
 19132 | Lair:1   | Offered knowledge of Olgreb's Toxic Radiance by Vehumet.
 19503 | Lair:1   | Noticed a four-headed hydra
 19507 | Lair:1   | Killed a four-headed hydra
 20433 | Lair:2   | Reached XP level 12. HP: 63/73 MP: 17/22
 20846 | Lair:2   | Noticed a four-headed hydra
 20859 | Lair:2   | Killed a four-headed hydra
 21516 | Lair:2   | Noticed a seven-headed hydra
 21528 | Lair:2   | Killed a seven-headed hydra
 21928 | Lair:3   | Reached skill level 13 in Earth Magic
 22066 | Lair:3   | Noticed an eight-headed hydra
 22494 | Lair:3   | Reached **** piety under Vehumet
 22561 | Lair:3   | Found a staircase to the Snake Pit.
 23589 | Lair:3   | Killed an eight-headed hydra
 23658 | Lair:3   | Found a staircase to the Swamp.
 23673 | Lair:3   | Offered knowledge of Airstrike by Vehumet.
 23673 | Lair:3   | Reached skill level 10 in Fighting
 24155 | Lair:4   | Reached skill level 14 in Earth Magic
 24406 | Lair:4   | You fall through a shaft for 2 floors!
 24406 | Lair:6   | Entered Level 6 of the Lair of Beasts
 24460 | Lair:6   | Noticed an eight-headed hydra
 24468 | Lair:6   | Killed an eight-headed hydra
 24468 | Lair:6   | Reached XP level 13. HP: 57/83 MP: 13/23
 25101 | Lair:5   | Reached skill level 15 in Earth Magic
 25123 | Lair:5   | Got a topaz-encrusted leather armour
 28905 | Lair:5   | Identified the +0 leather armour of Negligence {rElec rC+++
                  | Dex-2 Stlth-} (You found it on level 5 of the Lair of
                  | Beasts)
 29370 | Lair:6   | Found a viscous altar of Jiyva.
 29370 | Lair:6   | Found a staircase to the Slime Pits.
 29535 | Lair:6   | Reached skill level 16 in Earth Magic
 30353 | Lair:6   | Gained mutation: Your large and strong wings let you fly
                  | indefinitely. [Gargoyle growth]
 30353 | Lair:6   | Reached XP level 14. HP: 94/94 MP: 9/24
 31105 | Lair:2   | Identified a scroll of acquirement
 31279 | Orc:1    | Entered Level 1 of the Orcish Mines
 31279 | Orc:1    | Noticed Erolcha
 31286 | Orc:1    | Killed Erolcha
 32039 | Orc:1    | Found a burning altar of Makhleb.
 32159 | Orc:1    | Learned a level 5 spell: Fireball
 32384 | Orc:2    | Entered Level 2 of the Orcish Mines
 32384 | Orc:2    | Found a staircase to the Elven Halls.
 35189 | Orc:2    | Found Ykocebud's Assorted Antiques.
 35189 | Orc:2    | Found Cufush's General Store.
 35191 | Orc:2    | Found Gyxuwets's Assorted Antiques.
 35193 | Orc:2    | Found Luekieli's Assorted Antiques.
 35298 | Orc:2    | Reached ***** piety under Vehumet
 35409 | Orc:2    | Offered knowledge of Bolt of Magma by Vehumet.
 35701 | Orc:2    | Noticed a stone giant
 35716 | Orc:2    | Learned a level 5 spell: Bolt of Magma
 35728 | Orc:2    | Killed a stone giant
 35728 | Orc:2    | Reached skill level 17 in Earth Magic
 36176 | Orc:2    | Found a roughly hewn altar of Beogh.
 36356 | Orc:1    | Reached skill level 5 in Dodging
 36629 | Elf:1    | Entered Level 1 of the Elven Halls
 36711 | Elf:1    | Found a transporter.
 36754 | Elf:1    | Found a transporter.
 36765 | Elf:1    | Noticed Timpihef's ghost (adept OpAK)
 38374 | Elf:1    | Found Vus Ukhu's Magic Scroll Boutique.
 38613 | Elf:1    | Noticed an azure jelly
 38808 | Elf:1    | Reached XP level 15. HP: 100/100 MP: 19/25
 38865 | Elf:1    | Noticed a fire giant
 39348 | Elf:1    | Noticed an acid blob
 39901 | Snake:1  | Entered Level 1 of the Snake Pit
 39910 | Snake:1  | Noticed a nagaraja
 39969 | Lair:3   | Killed a nagaraja
 40997 | Swamp:1  | Entered Level 1 of the Swamp
 41036 | Swamp:1  | Noticed Roxanne
 41128 | Swamp:1  | Reached skill level 1 in Maces & Flails
 43861 | Swamp:1  | Reached skill level 10 in Fire Magic
 44446 | Swamp:2  | Found an ancient bone altar of Kikubaaqudgha.
 44842 | Swamp:1  | HP: 1/101 [shambling mangrove (14)]
 44843 | Swamp:1  | Slain by a shambling mangrove

Skill      XL: |  1  2  3  4  5  6  7  8  9 10 11 12 13 14 15 |
---------------+----------------------------------------------+-----
Earth Magic    | 4 5 6 7 8 9 10 11 12 14 16 17 | 17.8
Conjurations   | 1 2 3 4 5 7 8 |  8.6
Fighting       | 2 4 5 6 8 10 13 14 | 14.7
Armour         | 1 4 |  4.4
Fire Magic     | 3 5 7 9 10 | 10.0
Spellcasting   | 4 5 6 |  6.7
Shields        | 2 4 |  4.0
Dodging        | 2 4 5 6 |  6.0
Maces & Flails | 3 |  3.0
Stealth        | |  2.1
Transmutations | |  0.7

Action                   |  1- 3 |  4- 6 |  7- 9 | 10-12 | 13-15 || total
-------------------------+-------+-------+-------+-------+-------++-------
Melee: Short sword       |    67 |       |       |       |       ||    67
       Unarmed           |     7 |       |       |       |       ||     7
       Mace              |    51 |   168 |   160 |   212 |   406 ||   997
       Flail             |       |     2 |    26 |       |       ||    28
 Cast: Sandblast         |    12 |    22 |    69 |   229 |   395 ||   727
       Stone Arrow       |       |     4 |    27 |    97 |   285 ||   413
       Lee's Rapid Decon |       |       |     4 |    22 |    64 ||    90
       Fireball          |       |       |       |       |    37 ||    37
       Bolt of Magma     |       |       |       |       |     8 ||     8
 Abil: Fly               |       |       |       |       |     1 ||     1
  Use: Scroll            |       |     7 |     7 |     7 |    11 ||    32
       Potion            |       |       |       |       |     6 ||     6
 Stab: Sleeping          |     2 |     2 |     1 |       |       ||     5
  Eat: Chunk             |     5 |    10 |    24 |    59 |    85 ||   183
       Ration            |       |       |     1 |       |     3 ||     4
Armor: Robe              |    43 |    75 |    97 |       |       ||   215
       Steam dragon scal |       |       |       |    69 |       ||    69
       Leather armour    |       |       |       |    45 |   241 ||   286
Dodge: Dodged            |   104 |   146 |   182 |   538 |  1104 ||  2074
Block: Buckler           |       |       |       |    97 |   181 ||   278
